 Dungeon Crawl Stone Soup version 0.29-a0-284-gf9362112df (webtiles) character file.

Game seed: 2643693889524593461

315 spaghetti the Digger (level 6, 0/36 HPs)
             Began as an Octopode Earth Elementalist on Mar 23, 2022.
             Was a Believer of Dithmenos.
             Slain by gzilladon's ghost (13 damage)
             ... on level 3 of the Dungeon.
             The game lasted 00:05:37 (2536 turns).

spaghetti the Digger (Octopode Earth Elementalist)  Turns: 2536, Time: 00:05:38

Health: 0/36       AC:  3    Str:  7    XL:     6   Next: 43%
Magic:  6/9        EV: 13    Int: 19    God:    Dithmenos [**....]
Gold:   125        SH:  0    Dex: 13    Spells: 8/9 levels left

rFire   . . .      SeeInvis .   c - staff of earth {!astaff}
rCold   . . .      Faith    .   (no shield)
rNeg    . . .      Spirit   .   e - +2 hat
rPois   .          Reflect  .   (no amulet)
rElec   .          Harm     .   (no ring)
rCorr   .          Rampage  .   (no ring)
Will    .....                   (no ring)
Stlth   +++++.....              (no ring)
HPRegen 0.12/turn               (no ring)
MPRegen 0.11/turn               (no ring)
                                (no ring)
                                (no ring)

@: wreathed by umbra
A: almost no armour, amphibious, 8 rings, camouflage 1, gelatinous body 1,
(nimble swimmer 1), tentacles
a: Renounce Religion, Shadow Step


You were on level 3 of the Dungeon.
You worshipped Dithmenos.
Dithmenos was pleased with you.
You visited 1 branch of the dungeon, and saw 3 of its levels.

You collected 125 gold pieces.


Innate Abilities, Weirdness & Mutations

You cannot wear most types of armour.
You are amphibious.
You can wear up to eight rings at the same time.
Your skin changes colour to match your surroundings (Stealth+).
Your rubbery body absorbs attacks. (AC +1, EV +1)
((You are camouflaged when in or above water. (Stealth+)))
You have tentacles for arms and can constrict up to eight enemies at once.


   Skills:
 - Level 2.0 Dodging
 + Level 4.7 Stealth
 - Level 2.0 Spellcasting
 - Level 1.0 Transmutations
 + Level 6.4 Earth Magic


You had 8 spell levels left.
You knew the following spells:

 Your Spells              Type           Power      Damage    Failure   Level
a - Sandblast             Erth           78%        2d17      1%          1

Your spell library contained the following spells:

 Spells                   Type           Power      Damage    Failure   Level
 Passwall                 Tmut/Erth      20%        N/A       5%          2
 Stone Arrow              Conj/Erth      42%        3d9       14%         3
 Petrify                  Tmut/Erth      24%        N/A       36%         4
 Summon Forest            Summ/Tloc      0%         N/A       99%         5
 Eringya's Noxious Bog    Tmut/Pois      1%         N/A       100%        6
 Summon Hydra             Summ           0%         N/A       100%        7

Inventory:

Hand Weapons
 d - a +0 dagger {short}
   (You took it off a kobold on level 1 of the Dungeon)
Missiles
 a - 2 stones {throwing}
 j - 6 datura-tipped darts {throwing}
Armour
 e - a +2 hat (worn)
   (You found it on level 1 of the Dungeon)
Magical Staves
 c - a staff of earth (weapon) {!astaff}
   (You found it on level 1 of the Dungeon)
 l - a staff of cold {!astaff}
   (You found it on level 3 of the Dungeon)
Wands
 n - a wand of iceblast (14)
   (You took it off an orc on level 3 of the Dungeon)
Scrolls
 f - 2 scrolls of teleportation {@r4}
 k - a scroll of identify {@r1}
 p - a scroll of fear {unknown}
Potions
 b - 2 potions of magic
 g - a potion of attraction {!q}
 h - a potion of lignification {!q}
 m - a potion of degeneration {unknown}
 o - 2 potions of brilliance {unknown}

Dungeon Overview and Level Annotations

Branches:
Dungeon (3/15)

Altars:
Dithmenos

Annotations:
D:3 gzilladon's ghost, amateur MiBe

####'#### #.##.....#####.##♣≈
#.......# #.####'#...# #♣♣♣≈≈
.†......##### #.# #.###.#*♣≈≈≈P≈
........##..# #.## #†* #.#*≈≈≈≈≈≈
.##########.# #..# #.# #.##♣≈P≈P≈
.# *≈$≈≈≈≈'.####.###.# #..+♣≈P≈≈P
.#**#######..# #..##.# ####♣≈≈≈≈≈
..,,,* ##...####.##.######≈≈≈≈≈≈
###########....W@...........≈≈≈≈≈
..........#.######.#.########≈≈≈≈
#########.#.# #.#.##......♣≈≈≈
#.#.# #...##.#####♣≈P≈ ##'#.#
##..##.#....♣≈≈≈ #....#
####..##.#.####)≈≈ #....#
#....>...#.####)≈≈ #...##
#....#####....#.≈≈ #...# #....#
####.#..♣


You could see gzilladon's ghost.


Message History

You feel a surge of power!
The blast of sand hits the frilled lizard!!
You kill the frilled lizard!
Dithmenos accepts your kill. 😎 MP[-1]
You lost 1 mp, and now have 7/9 mp.
There is an open door here.
You open the door.
There is an open door here.
As you open the door, it creaks loudly!
A frilled lizard comes into view.
The frilled lizard hisses angrily. 😎 MP[+2]
Your mp is fully restored (9).
You can't see any susceptible monsters within range! (Use Z to cast anyway.)
There is an open door here.
You feel a surge of power!
The blast of sand hits the frilled lizard!!
You kill the frilled lizard!
Dithmenos accepts your kill. 😎 MP[-1]
You lost 1 mp, and now have 8/9 mp.
You see here a frilled lizard corpse.
h - 2 brown potions 😎 MP[+1]
Your mp is fully restored (9).
Press: ? - help, . - travel You can't see that place.
You open the door.
Found a robe.
Found a stone staircase leading down.
There is an open door here.
p - a scroll labelled AXTAEGG IGUFRA The bullfrog gives a loud, deep croak!
The adder hisses angrily.
You open the door. The bullfrog closely misses you.
You feel a surge of power!
The blast of sand hits the bullfrog!!
You kill the bullfrog!
Dithmenos accepts your kill. 😎 MP[-1]
You lost 1 mp, and now have 8/9 mp.
You feel a surge of power!
The blast of sand misses the adder. x2
The adder bites you.
You are poisoned.
The adder poisons you!
The adder closely misses you. 😕 HP[-1] MP[-1]
You take 1 damage, and now have 35/36 hp.
You lost 1 mp, and now have 7/9 mp.
You feel a surge of power!
The blast of sand hits the adder!!
You kill the adder!
Dithmenos accepts your kill.
You feel sick.
The adder bites you but does no damage. 😕 HP[-1] MP[-1]
You take 1 damage, and now have 34/36 hp.
You lost 1 mp, and now have 6/9 mp.
You feel sick.
The adder bites you but does no damage. 😕 HP[-1]
You take 1 damage, and now have 33/36 hp.
You feel sick. The adder misses you. The adder barely misses you.
The adder attacks as you move away! The adder bites you.
You feel sick. 😕 HP[-4]
You take 4 damage, and now have 29/36 hp.
You feel sick.
You are no longer poisoned. 😕 HP[-1]
You take 1 damage, and now have 28/36 hp.
You feel a surge of power!
The blast of sand hits the adder!
You kill the adder!
Dithmenos accepts your kill. 😕 MP[-1]
You lost 1 mp, and now have 5/9 mp.
Press: ? - help, v - describe, . - travel
Here: gzilladon's ghost (umbra)
The floor.
Okay, then.
Unknown command.
Gzilladon's ghost attacks as you move away!
Gzilladon's ghost hits you! 😮 HP[-7] MP[+1]
You take 7 damage, and now have 21/36 hp.
Gzilladon's ghost attacks as you move away!
Gzilladon's ghost hits you!
* * * LOW HITPOINT WARNING * * *
😨 HP[-8]
You take 8 damage, and now have 13/36 hp.
MASSIVE DAMAGE!! (PAUSE)
As you read the scroll of teleportation {@r4}, it crumbles to dust.
You feel strangely unstable. Gzilladon's ghost closely misses you.
It was a potion of lignification.
You turn into a tree.
Your +2 hat melds into your body.
Your roots penetrate the ground.
You feel strangely stable.
Gzilladon's ghost hits you but does no damage. 😨 HP[+7]
You now have 54 max hp (+18).
You regained 7 hp, and now have 20/54 hp.
It was a potion of cancellation.
Your magical effects are unravelling.
You feel magically purged.
You feel less wooden.
Your +2 hat unmelds from your body.
Gzilladon's ghost hits you!
You die...

Skill      XL: |  1  2  3  4  5  6 |
---------------+-------------------+-----
Stealth        | 3 4 |  4.7
Earth Magic    | 4 5 6 |  6.4
Dodging        | |  2.0
Spellcasting   | |  2.0
Transmutations | |  1.0

Action                   |  1- 3 |  4- 6 || total
-------------------------+-------+-------++-------
Melee: Unarmed           |     6 |       ||     6
       Tentacles         |     5 |     2 ||     7
       Staff             |    23 |     6 ||    29
       Constrict         |     3 |     3 ||     6
 Cast: Sandblast         |    35 |    26 ||    61
  Use: Potion            |     1 |     2 ||     3
       Scroll            |       |     4 ||     4
 Stab: Sleeping          |     4 |       ||     4
Armor: Skin              |     3 |     6 ||     9
Dodge: Dodged            |    24 |    15 ||    39

Levels and vault maps discovered:
D:1:      wander_arrival_fairy_ring, layout_basic, grunt_decor_mini_mirrors
D:2:      layout_loops_ring, hellmonk_ecumenical_altar_watching_god
D:3:      layout_basic, ebering_ghost_sewer_d, fountainhead,
          serial_bayou_ford_a, chequers_jeans

Notes
Turn   | Place    | Note
-------+----------+-------------------------------------------
     0 | D:1      | spaghetti the Octopode Earth Elementalist began the quest
                  | for the Orb.
     0 | D:1      | Reached XP level 1. HP: 11/11 MP: 3/3
     0 | D:1      | magus.rc [v1.9.6]
    73 | D:1      | You add the spells Summon Forest, Eringya's Noxious Bog and
                  | Summon Hydra to your library.
    83 | D:1      | Reached skill level 3 in Stealth
   149 | D:1      | HP: 1/11 [frozen (5)]
   470 | D:1      | Reached XP level 2. HP: 17/17 MP: 3/5
   750 | D:1      | Reached XP level 3. HP: 21/21 MP: 2/6
  1068 | D:1      | Reached skill level 4 in Earth Magic
  1407 | D:2      | Noticed a floating eye
  1409 | D:2      | Found a faded altar of an unknown god.
  1414 | D:2      | Noticed a golden eye
  1419 | D:2      | Noticed a shining eye
  1419 | D:2      | Noticed an eye of devastation
  1490 | D:2      | Prayed at the altar of an unknown god.
  1490 | D:2      | Became a worshipper of Dithmenos the Shadowed
  1490 | D:2      | Reached * piety under Dithmenos
  1681 | D:2      | Reached XP level 4. HP: 27/27 MP: 4/7
  1905 | D:3      | Reached skill level 5 in Earth Magic
  1917 | D:3      | Noticed a centaur
  1924 | D:3      | Killed a centaur
  1925 | D:3      | Reached XP level 5. HP: 31/31 MP: 3/8
  1941 | D:3      | Reached skill level 6 in Earth Magic
  2110 | D:3      | Reached ** piety under Dithmenos
  2154 | D:3      | Reached XP level 6. HP: 36/36 MP: 7/9
  2418 | D:3      | Reached skill level 4 in Stealth
  2517 | D:3      | Found a runed translucent door.
  2521 | D:3      | Noticed gzilladon's ghost (amateur MiBe)
  2536 | D:3      | Slain by gzilladon's ghost

Vanquished Creatures
  A centaur (D:3)
  A bullfrog (D:3)
  2 orc priests
  A gnoll (D:1)
  4 adders (D:3)
  A worm (D:2)
  2 dart slugs
  6 orcs
  3 endoplasms (D:1)
  3 giant cockroaches
  2 goblins (D:3)
  7 hobgoblins
  6 jackals
  4 kobolds
  5 ball pythons
  4 bats
  4 frilled lizards
  2 rats
58 creatures vanquished.

Vanquished Creatures (others)
  A plant (D:3)
1 creature vanquished.

Grand Total: 59 creatures vanquished

Table legend:
 A = Non-vault XP
 B = Vault XP
 C = Vault XP percentage of total XP
 D = Non-vault monster count
 E = Vault monster count
 F = Vault count percentage of total count
                 A         B        C        D         E       F
            +---------+---------+-------+---------+---------+-------
      Total |     339 |     111 |  24.7 |      55 |       3 |   5.2
            +---------+---------+-------+---------+---------+-------
        D:1 |      60 |       0 |   0.0 |      26 |       0 |   0.0
        D:2 |      65 |       0 |   0.0 |      10 |       0 |   0.0
        D:3 |     214 |     111 |  34.2 |      19 |       3 |  13.6
            +---------+---------+-------+---------+---------+-------

Illustrated notes

Table legend:
 A = Kills in this place as a percentage of kills in entire the game.
 B = Kills by you in this place as a percentage of kills by you in the entire game.
 C = Kills by friends in this place as a percentage of kills by friends in the entire game.
 D = Other kills in this place as a percentage of other kills in the entire game.
 E = Experience gained in this place as a percentage of experience gained in the entire game.
 F = Experience gained in this place divided by the number of levels of this place that you have seen.
                   A       B       C       D       E      F
               +-------+-------+-------+-------+-------+----------------------
         Total | 100.0 | 100.0 |   N/A |   N/A | 100.0 | 150.0
       Dungeon | 100.0 | 100.0 |   N/A |   N/A | 100.0 | 150.0
               +-------+-------+-------+-------+-------+----------------------

Table legend: (Time is in decaauts)
 A = Elapsed time spent in this place.
 B = Non-inter-level travel time spent in this place.
 C = Inter-level travel time spent in this place.
 D = Time resting spent in this place.
 E = Time spent auto-exploring this place.
 F = Levels seen in this place.
 G = Mean time per level.
                   A        B        C        D        E       F      G
               +--------+--------+--------+--------+--------+-----+--------+
         Total |   2540 |   2479 |     61 |    627 |   1529 |   3 |  846.7 |
       Dungeon |   2540 |   2479 |     61 |    627 |   1529 |   3 |  846.7 |
               +--------+--------+--------+--------+--------+-----+--------+

Top non-repeatable levels by time:
     D:1: 1406 daAuts
     D:3: 847 daAuts
     D:2: 286 daAuts
